 Dungeon Crawl Stone Soup version 0.18-b1-14-g029dad2 (webtiles) character file.

362 Alarkh the Grave Robber (level 6, -1/41 HPs)
             Began as a Mummy Necromancer on Apr 30, 2016.
             Slain by Alarkh's ghost (6 damage)
             ... in an ossuary.
             The game lasted 00:06:04 (3058 turns).

Alarkh the Grave Robber (Mummy Necromancer)         Turns: 3058, Time: 00:06:04

Health: -1/41      AC:  3    Str: 11    XL:     6   Next: 39%
Magic:  1/12       EV: 12    Int: 16    God:
Gold:   202        SH:  0    Dex: 13    Spells: 5 memorised, 0 levels left

rFire  x . .     SeeInvis .     d - +1 dagger (venom)
rCold  + . .     Gourm    .     a - +1 robe
rNeg   + + +     Faith    .     (no shield)
rPois  ∞         Spirit   .     (no helmet)
rElec  .         Dismiss  .     (no cloak)
rCorr  .         Reflect  .     (no gloves)
SustAt .         Harm     .     (no boots)
MR     .....                    (no amulet)
Stlth  ++........               (no ring)
                                (no ring)

@: about to teleport, not resistant to hostile enchantments, unstealthy
A: no food or potions, fire vulnerability, cold resistance 1, negative energy
resistance 3, torment resistance, unbreathing
a: no special abilities


You were in an ossuary.
You were not hungry.

You visited 1 branch of the dungeon, and saw 4 of its levels.
You also visited: Ossuary.

You collected 202 gold pieces.

Inventory:

Hand Weapons
 c - a +0 short sword
 d - a +1 dagger of venom (weapon)
 j - a +0 spear
Armour
 a - a +1 robe (worn)
Jewellery
 o - an uncursed amulet of guardian spirit
Scrolls
 e - 2 scrolls of enchant armour
 f - 2 scrolls of recharging
 g - a scroll of immolation
 i - a scroll of remove curse
 k - 2 scrolls of fear
 m - a scroll of blinking
Books
 b - a book of Necromancy

   Spells                             Type                      Level
   a - Pain                           Necromancy                   1
   b - Animate Skeleton               Necromancy                   1
   c - Vampiric Draining              Necromancy                   3
   d - Regeneration                   Charms/Necromancy            3
   e - Animate Dead                   Necromancy                   4
   f - Control Undead                 Necromancy                   4
 h - a book of Minor Magic

   Spells                             Type                      Level
   a - Magic Dart                     Conjuration                  1
   b - Blink                          Translocation                2
   c - Call Imp                       Summoning                    2
   d - Repel Missiles                 Charms/Air                   2
   e - Slow                           Hexes                        2
   f - Conjure Flame                  Conjuration/Fire             3
   g - Mephitic Cloud                 Conjuration/Poison/Air       3


   Skills:
 - Level 0.5 Polearms
 - Level 1.5 Dodging
 - Level 1.5 Stealth
 - Level 4.4 Spellcasting
 + Level 0.2 Conjurations
 - Level 6.1 Necromancy


You couldn't memorise any spells.
You knew the following spells:

 Your Spells              Type           Power        Failure   Level  Hunger
a - Pain                  Necr           ###.         1%          1    N/A
b - Vampiric Draining     Necr           ###.......   4%          3    N/A
c - Control Undead        Necr           ###.......   14%         4    N/A
d - Repel Missiles        Chrm/Air       #.....       24%         2    N/A
e - Conjure Flame         Conj/Fire      #.......     52%         3    N/A

Dungeon Overview and Level Annotations

Branches:
Dungeon (4/15)
 Temple: D:4-7

Altars:
Makhleb
Ru
Trog

Annotations:
Ossuary Alarkh's ghost, amateur OpTm


Innate Abilities, Weirdness & Mutations

You do not eat or drink.
Your flesh is vulnerable to fire.
You are immune to poison.
Your flesh is cold resistant.
You are immune to negative energy.
You are immune to unholy pain and torment.
You can survive without breathing.


Message History

Your adder zombie submits to your will.
Alarkh's ghost resists with almost no effort.
Your adder zombie bites something.
Alarkh's ghost barely misses you.
You swap places.
Your adder zombie completely misses Alarkh's ghost.
The hobgoblin zombie hits you. Alarkh's ghost hits you!
There is an open door here.
You swap places.
Your adder zombie bites something.
Something hits your adder zombie.
Alarkh's ghost wails.
Alarkh's ghost hits you!
* * * LOW HITPOINT WARNING * * *
Your adder zombie closely misses something.
Something hits your adder zombie.
Your adder zombie bites something.
You feel a bit more experienced.
Read which item? (? for menu, Esc to quit)
As you read the scroll of teleportation, it crumbles to dust.
You feel strangely unstable. Alarkh's ghost closely misses you.
Alarkh's ghost hits you.
You die...

#.^^#
###'#
#.^^#
#^^.#
#^^^#
#^^^#
##'##
#...#
#.@.#
#.W.#
#.Z.#
#####'###
#...'.Z^#
+...#^^.#
#...#..^#
### #####


You could see Alarkh's ghost and a friendly adder zombie.

Vanquished Creatures
  An orc wizard (D:4)
  2 hounds
  8 gnolls
  9 adders
  2 adder skeletons
  An adder zombie (Ossuary)
  A worm (D:3)
  5 giant geckos
  14 orcs
  3 giant cockroaches
  6 goblins
  8 hobgoblins
  4 jackals (D:1)
  6 kobolds
  2 quokkas
  A ball python (D:2)
  5 bats
  4 giant newts
  2 hobgoblin zombies (Ossuary)
  5 rats
89 creatures vanquished.

Vanquished Creatures (collateral kills)
  2 adder zombies (Ossuary)
  A hobgoblin zombie (Ossuary)
  A kobold zombie (Ossuary)
  An orc zombie (Ossuary)
5 creatures vanquished.

Vanquished Creatures (others)
  A hobgoblin zombie (Ossuary)
1 creature vanquished.

Grand Total: 95 creatures vanquished

Notes
Turn   | Place    | Note
--------------------------------------------------------------
     0 | D:1      | Alarkh the Mummy Necromancer began the quest for the Orb.
     0 | D:1      | Reached XP level 1. HP: 13/13 MP: 3/3
   577 | D:1      | Reached XP level 2. HP: 17/19 MP: 5/5
   941 | D:2      | Reached XP level 3. HP: 17/24 MP: 0/6
  1182 | D:2      | Found a burning altar of Makhleb.
  1311 | D:2      | Reached XP level 4. HP: 30/30 MP: 6/8
  1338 | D:2      | Reached skill level 5 in Necromancy
  1362 | D:2      | Learned a level 3 spell: Vampiric Draining
  1367 | D:2      | Learned a level 4 spell: Control Undead
  1797 | D:3      | Reached XP level 5. HP: 35/35 MP: 6/10
  2085 | D:3      | Found a sacrificial altar of Ru.
  2696 | D:4      | Found a bloodstained altar of Trog.
  2699 | D:4      | Reached skill level 6 in Necromancy
  2699 | D:4      | Reached XP level 6. HP: 40/41 MP: 12/12
  2833 | D:4      | Found a sand-covered staircase.
  2862 | D:4      | Learned a level 3 spell: Conjure Flame
  2865 | D:4      | Learned a level 2 spell: Repel Missiles
  2984 | Ossuary  | Entered an ossuary
  2993 | Ossuary  | Noticed Alarkh's ghost (amateur OpTm)
  3058 | Ossuary  | Slain by Alarkh's ghost

Skill      XL: |  1  2  3  4  5 |
---------------+----------------+-----
Spellcasting   | 3 4 |  4.4
Necromancy     | 5 6 |  6.1
Polearms       | |  0.5
Dodging        | |  1.5
Stealth        | |  1.5
Conjurations   | |  0.2

Action                   |  1- 3 |  4- 6 || total
-------------------------+-------+-------++-------
Melee: Unarmed           |     5 |       ||     5
       Dagger            |    45 |   121 ||   166
 Cast: Pain              |    43 |    67 ||   110
       Control Undead    |       |     5 ||     5
       Vampiric Draining |       |     3 ||     3
  Use: Scroll            |       |    10 ||    10
 Stab: Sleeping          |       |     1 ||     1
Armor: Robe              |    11 |    16 ||    27
Dodge: Dodged            |    31 |    73 ||   104
